 Dungeon Crawl Stone Soup version 0.23.1-37-gaa34b87 (webtiles) character file.

Game seed: 17133520857157972870

13031 Fang the Fighter (level 12, -3/118 HPs)
             Began as a Gargoyle Berserker on Mar 21, 2019.
             Was a High Priest of Trog.
             Slain by a white ugly thing (17 damage)
             ... on level 11 of the Dungeon.
             The game lasted 00:17:16 (11945 turns).

Fang the Fighter (Gargoyle Berserker)              Turns: 11945, Time: 00:17:17

Health: -3/118     AC: 23    Str: 32    XL:     12   Next: 1%
Magic:  12/12      EV: 12    Int:  9    God:    Trog [*****.]
Gold:   811        SH:  0    Dex: 11    Spells: 11/11 levels left

rFire    . . .     SeeInvis .   j - +0 executioner's axe of Puleb {flame, rPois rC+ MR+ Str+2}
rCold    + . .     Gourm    +   (shield currently unavailable)
rNeg     + . .     Faith    .   o - +0 plate armour
rPois    ∞         Spirit   .   (no helmet)
rElec    +         Reflect  .   (no cloak)
rCorr    .         Harm     .   (no gloves)
MR       +....                  (no boots)
Stlth    ..........             x - amulet of the gourmand
HPRegen  0.29/turn              l - +2 ring of dexterity
MPRegen  0.13/turn              y - ring of stealth

@: berserking (expiring), very quick
A: negative energy resistance 1, electricity resistance, unbreathing,
petrification resistance, rot immunity, AC +8
a: Berserk, Trog's Hand, Brothers in Arms, Renounce Religion


You were on level 11 of the Dungeon.
You worshipped Trog.
Trog was extremely pleased with you.
You were full.

You visited 2 branches of the dungeon, and saw 12 of its levels.

You collected 883 gold pieces.
You spent 72 gold pieces at shops.

Inventory:

Hand Weapons
 h - a +4 broad axe of venom
 j - the +0 executioner's axe of Puleb (weapon) {flame, rPois rC+ MR+ Str+2}
   (You acquired it on level 7 of the Dungeon)

   It has been specially enchanted to burn those struck by it, causing extra
   injury to most foes and up to half again as much damage against particularly
   susceptible opponents.
   Big, fiery blades are also staple armaments of hydra-hunters.
   It affects your strength (+2).
   It protects you from cold.
   It protects you from poison.
   It affects your resistance to hostile enchantments.
 q - a +3 war axe of chopping
 C - a +3 battleaxe
Armour
 o - a +0 plate armour (worn)
Jewellery
 l - a +2 ring of dexterity (left hand)
 t - an uncursed ring of protection from fire
 u - an uncursed ring of protection from magic
 x - an amulet of the gourmand (around neck)
 y - a ring of stealth (right hand)
 E - an uncursed amulet of the acrobat
Wands
 b - a wand of disintegration (12)
 e - a wand of flame (24)
 D - a wand of digging (6)
Scrolls
 f - 7 scrolls of teleportation
 i - 3 scrolls of blinking
 n - 2 scrolls of fear
 s - 2 scrolls of fog
 w - 4 scrolls of remove curse
 B - a scroll of summoning
 G - a scroll of identify
Potions
 a - 3 potions of invisibility {unknown}
 d - 5 potions of curing
 g - 4 potions of flight
 k - 9 potions of degeneration {unknown}
 m - 2 potions of lignification
 p - 2 potions of brilliance
 v - 5 potions of agility {unknown}
 z - a potion of mutation
 A - a potion of cancellation
 F - a potion of heal wounds
Comestibles
 c - 19 rations


   Skills:
 + Level 10.8 Fighting
 + Level 9.2 Axes
 + Level 10.5 Armour
 + Level 8.2 Dodging


You had 11 spell levels left.
You didn't know any spells.
Your spell library was empty.

Dungeon Overview and Level Annotations

Branches:
Dungeon (11/15)            Temple (1/1) D:4            Lair (0/6) D:11
    Orc: D:9-12

Altars:
Dithmenos
Elyvilon
Fedhas
Gozag
Hepliaklqana
Kikubaaqudgha
Makhleb
Okawaru
Ru
Trog
Uskayaw
Wu Jian
Xom
Zin
The Shining One

Shops:
D:7 [   D:10 :(*:

Annotations:
D:10 2 transporters, contendunt's ghost, novice DsGl


Innate Abilities, Weirdness & Mutations

You are resistant to torment.
Your stone body is resilient. (AC +8)
You are immune to poison.
You resist negative energy. (rN+)
You are resistant to electric shocks. (rElec)
You can survive without breathing.
You are immune to petrification.
You are immune to rotting.


Message History

The white ugly thing is heavily wounded.
The white ugly thing tentacle-slaps you.
* * * LOW HITPOINT WARNING * * *
The white ugly thing freezes you! You resist.
* * * LOW HITPOINT WARNING * * *
You barely miss the white ugly thing.
The white ugly thing is heavily wounded.
The white ugly thing tentacle-slaps you.
* * * LOW HITPOINT WARNING * * *
The white ugly thing freezes you. You resist.
* * * LOW HITPOINT WARNING * * *
You barely miss the white ugly thing.
The white ugly thing is heavily wounded.
The white ugly thing tentacle-slaps you but does no damage.
You slash the white ugly thing! You burn the white ugly thing.
The white ugly thing is severely wounded.
The white ugly thing tentacle-slaps you!
* * * LOW HITPOINT WARNING * * *
The white ugly thing freezes you! You resist.
You die...

.# ##.# ....... .# ##..#
#............. .###..##
##....^...>.... .....##
#..(........... .#####
#.............. .#
#............. .#
##............
######.........†u.#
##..............@.#
........>.........#
..................#
.......#########..#
###....#.......#..######
#....#.......#........
#....#(......#......##
#....'.......#......#
#....#'#######......#


You could see a white ugly thing.

Vanquished Creatures
  A catoblepas (D:11)
  Sonja (D:11)
  A swamp dragon (D:11)
  An orc knight (D:11)
  2 ugly things
  Psyche (D:8)
  Maurice (D:8)
  A komodo dragon (D:11)
  A troll (D:10)
  A hornet (D:8)
  2 hippogriffs
  A shadow (D:11)
  6 yaks (D:11)
  A steam dragon (D:8)
  An acid dragon (D:11)
  A soldier ant (D:11)
  A water moccasin (D:7)
  3 ice beasts
  5 orc warriors
  3 black bears
  4 sky beasts
  5 ogres
  8 centaurs
  5 big kobolds
  3 bullfrogs
  3 scorpions
  11 killer bees (D:10)
  8 wights
  2 howler monkeys
  4 crimson imps
  2 centaur zombies
  3 quasits
  4 hounds
  2 jellies
  2 centaur skeletons
  7 orc priests
  A bullfrog skeleton (D:5)
  3 iguanas
  16 worker ants
  15 orc wizards
  Robin (D:2)
  A gnoll (D:1)
  A howler monkey skeleton (D:6)
  15 adders
  A shadow imp (D:6)
  An ooze (D:1)
  An adder zombie (D:6)
  An adder skeleton (D:4)
  A worm (D:5)
  15 leopard geckos
  42 orcs
  6 bats
  6 giant cockroaches
  14 goblins
  9 hobgoblins
  8 jackals
  25 kobolds
  5 quokkas
  4 ball pythons
  7 frilled lizards
  A giant cockroach zombie (D:6)
  A leopard gecko skeleton (D:3)
  5 rats
  2 plants (D:11)
316 creatures vanquished.

Vanquished Creatures (collateral kills)
  The ghost of anklez the Fighter, a novice MiBe of Trog (D:8)
  An ogre (D:8)
  An orc wizard (D:8)
  A worker ant (D:11)
  2 orcs (D:8)
6 creatures vanquished.

Vanquished Creatures (others)
  A sky beast (D:7)
  A kobold (D:9)
  A plant (D:11)
  7 toadstools (D:1)
10 creatures vanquished.

Grand Total: 332 creatures vanquished

Notes
Turn   | Place    | Note
-------+----------+-------------------------------------------
     0 | D:1      | Fang the Gargoyle Berserker began the quest for the Orb.
     0 | D:1      | Reached XP level 1. HP: 14/14 MP: 1/1
    96 | D:1      | Reached XP level 2. HP: 4/19 MP: 2/2
   633 | D:1      | Reached XP level 3. HP: 20/23 MP: 3/3
   978 | D:2      | Reached ** piety under Trog
  1032 | D:2      | Reached XP level 4. HP: 26/29 MP: 4/4
  1123 | D:2      | Found a faded altar of an unknown god.
  1219 | D:2      | Noticed Robin
  1246 | D:2      | Killed Robin
  1246 | D:2      | Reached XP level 5. HP: 25/33 MP: 5/5
  1582 | D:2      | Noticed a centaur
  1597 | D:2      | Killed a centaur
  1882 | D:3      | Reached XP level 6. HP: 37/39 MP: 6/6
  2234 | D:3      | Reached *** piety under Trog
  2958 | D:4      | Reached skill level 5 in Fighting
  2958 | D:4      | Reached XP level 7. HP: 36/44 MP: 7/7
  3225 | D:4      | Found a staircase to the Ecumenical Temple.
  3719 | Temple   | Entered the Ecumenical Temple
  3744 | D:5      | Entered Level 5 of the Dungeon
  4074 | D:5      | Reached **** piety under Trog
  4088 | D:5      | Reached skill level 5 in Armour
  4118 | D:5      | Reached XP level 8. HP: 14/51 MP: 8/8
  4718 | D:5      | Reached skill level 5 in Axes
  5601 | D:6      | Reached XP level 9. HP: 55/56 MP: 9/9
  5628 | D:6      | Reached skill level 5 in Dodging
  5679 | D:6      | Reached ***** piety under Trog
  5696 | D:6      | Received a gift from Trog
  6337 | D:7      | Found Miko's Armour Shop.
  6393 | D:7      | Found a bloodstained altar of Trog.
  6439 | D:7      | Identified 2 scrolls of acquirement
  6446 | D:7      | Got a scorched executioner's axe
  6448 | D:7      | Identified the +0 executioner's axe of Puleb {flame, rPois
                  | rC+ MR+ Str+2} (You acquired it on level 7 of the Dungeon)
  6610 | D:7      | Found a shadowy altar of Dithmenos.
  6612 | D:7      | Found an ornate altar of the Wu Jian Council.
  6614 | D:7      | Found a sacrificial altar of Ru.
  6615 | D:7      | Found a burning altar of Makhleb.
  6647 | D:7      | Found a bloodstained altar of Trog.
  6649 | D:7      | Found a glowing golden altar of the Shining One.
  6650 | D:7      | Found a hide-covered altar of Uskayaw.
  6872 | D:8      | Found a runed translucent gate.
  6872 | D:8      | Found a runed translucent gate.
  6872 | D:8      | Found a runed translucent gate.
  6880 | D:8      | Noticed anklez's ghost (novice MiBe)
  6980 | D:8      | Noticed a hornet
  6989 | D:8      | Killed a hornet
  6989 | D:8      | Reached XP level 10. HP: 41/64 MP: 10/10
  7496 | D:8      | Noticed Maurice
  7706 | D:8      | Killed Maurice
  7898 | D:8      | HP: 2/65 [steam dragon (3)]
  7972 | D:8      | HP: 2/65 [orc/wand of flame (22) (8)]
  7975 | D:8      | Received a gift from Trog
  8094 | D:8      | Noticed Psyche
  8478 | D:8      | Killed Psyche
  8785 | D:8      | Killed anklez's ghost
  8945 | D:7      | Found a glowing silver altar of Zin.
  8945 | D:7      | Found a hazy altar of Hepliaklqana.
  8949 | D:7      | Found a white marble altar of Elyvilon.
  9202 | D:9      | Found a shimmering altar of Xom.
  9253 | D:9      | Noticed a cyan ugly thing
  9263 | D:9      | Killed a cyan ugly thing
  9509 | D:9      | Reached XP level 11. HP: 63/71 MP: 11/11
  9539 | D:9      | Found a blossoming altar of Fedhas.
  9540 | D:9      | Found an ancient bone altar of Kikubaaqudgha.
  9605 | D:10     | Entered Level 10 of the Dungeon
  9643 | D:10     | Found Faommot's Book Shoppe.
  9972 | D:10     | Found a transporter.
  9976 | D:10     | Noticed a moth of wrath
  9976 | D:10     | Noticed contendunt's ghost (novice DsGl)
  9977 | D:10     | Found the +2 pair of boots of the Assassin {Detection Stab+
                  | Stlth++}
  9993 | D:10     | Found a transporter.
 10047 | D:10     | Found Dedin's Assorted Antiques.
 10054 | D:10     | Bought a scroll of identify for 50 gold pieces
 10054 | D:10     | Bought a sapphire potion for 22 gold pieces
 10168 | D:10     | Found Mottarozue's Weapon Shop.
 10231 | D:10     | Found Raawunirph's Book Shoppe.
 10391 | D:11     | Reached skill level 10 in Fighting
 10434 | D:11     | Noticed Sonja
 10572 | D:11     | Killed Sonja
 10709 | D:11     | Found a staircase to the Lair.
 10979 | D:11     | Noticed a catoblepas
 10987 | D:11     | Killed a catoblepas
 10987 | D:11     | Reached skill level 10 in Armour
 11196 | D:11     | Noticed a white ugly thing
 11200 | D:11     | Noticed an eight-headed hydra
 11271 | D:11     | Noticed a swamp dragon
 11425 | D:11     | Killed a swamp dragon
 11517 | D:11     | Noticed an orc knight
 11539 | D:11     | Killed an orc knight
 11929 | D:11     | Noticed a purple ugly thing
 11937 | D:11     | Killed a white ugly thing
 11937 | D:11     | Reached XP level 12. HP: 38/79 MP: 12/12
 11945 | D:11     | Slain by a white ugly thing

Skill      XL: |  1  2  3  4  5  6  7  8  9 10 11 |
---------------+----------------------------------+-----
Axes           | 3 4 5 6 8 9 |  9.2
Dodging        | 2 3 4 5 7 8 |  8.2
Armour         | 3 4 5 6 7 9 10 | 10.5
Fighting       | 4 5 6 8 9 10 | 10.8

Action                   |  1- 3 |  4- 6 |  7- 9 | 10-12 || total
-------------------------+-------+-------+-------+-------++-------
Melee: Hand axe          |   114 |   222 |   305 |       ||   641
       War axe           |       |    79 |   127 |       ||   206
       Executioner's axe |       |       |    45 |   525 ||   570
Invok: Berserk           |     1 |       |     6 |    10 ||    17
       Brothers in Arms  |       |       |       |     3 ||     3
       Trog's Hand       |       |       |       |     2 ||     2
  Use: Scroll            |       |     1 |    14 |     8 ||    23
 Stab: Invisible         |       |       |       |     1 ||     1
  Eat: Chunk             |     1 |     7 |    19 |    41 ||    68
Armor: Animal skin       |     4 |       |       |       ||     4
       Chain mail        |    88 |    49 |       |       ||   137
       Plate armour      |       |   160 |   522 |   858 ||  1540
       Fire dragon scale |       |    21 |       |       ||    21
Dodge: Dodged            |    84 |   151 |   284 |   582 ||  1101
